 Dungeon Crawl Stone Soup version 0.25-a0-365-g7600c65aa0 (webtiles) character file.

Game seed: 15435403441096285430, levelgen mode: deterministic

1568 Inarius the Chopper (level 8, -1/61 HPs)
             Began as a Demonspawn Abyssal Knight on Jan 5, 2020.
             Was a Priest of Lugonu.
             Slain by a cyclops (27 damage)
             ... on level 6 of the Dungeon.
             The game lasted 00:11:20 (8198 turns).

Inarius the Chopper (Demonspawn Abyssal Knight)     Turns: 8198, Time: 00:11:21

Health: -1/61      AC: 14    Str: 15    XL:     8   Next: 59%
Magic:  11/11      EV:  4    Int: 14    God:    Lugonu [***...]
Gold:   63         SH:  7    Dex: 12    Spells: 7/7 levels left

rFire    . . .     SeeInvis .   a - +1 hand axe
rCold    . . .     Gourm    .   A - +0 shield
rNeg     . . .     Faith    .   w - +0 plate armour
rPois    .         Spirit   .   t - +0 helmet
rElec    .         Reflect  .   y - +0 cloak
rCorr    .         Harm     .   (no gloves)
MR       .....                  (no boots)
Stlth    ..........             (no amulet)
HPRegen  0.20/turn              i - +3 ring of evasion
MPRegen  0.12/turn              b - ring of attention (curse)

@: no status effects
A: foul stench 1, rot immunity
a: Depart the Abyss, Bend Space, Banish, Renounce Religion


You were on level 6 of the Dungeon.
You worshipped Lugonu.
Lugonu was most pleased with you.
You were not hungry.

You visited 1 branch of the dungeon, and saw 6 of its levels.
You visited the Abyss 1 time.

You collected 303 gold pieces.
You spent 240 gold pieces at shops.

Inventory:

Hand Weapons
 a - a +1 hand axe (weapon)
 o - a +1 vampiric spear
Missiles
 h - 3 boomerangs (quivered)
Armour
 k - a +0 ring mail
 t - a +0 helmet (worn)
 w - a +0 plate armour (worn)
 y - a +0 cloak (worn)
 A - a +0 shield (worn)
Jewellery
 b - a cursed ring of attention (right hand)
 f - a +2 ring of protection
 i - a +3 ring of evasion (left hand)
 u - an uncursed ring of fire
 x - an uncursed ring of protection from magic
Wands
 n - a wand of flame (8)
Scrolls
 l - a scroll of amnesia
 q - 2 scrolls of magic mapping
 r - 6 scrolls of teleportation
 s - a scroll of enchant weapon {unknown}
 F - a scroll of fog
Potions
 d - a potion of haste {unknown}
 e - a potion of brilliance
 g - 2 potions of flight
 j - a potion of magic
 m - a potion of lignification {unknown}
 p - 2 potions of curing {unknown}
 v - a potion of berserk rage {unknown}
 z - a potion of invisibility {unknown}
 C - a potion of resistance {unknown}
 D - a potion of agility
 E - 2 potions of might
Comestibles
 c - 9 rations


   Skills:
 + Level 4.9 Fighting
 * Level 7.2 Axes
 - Level 0.2 Throwing
 + Level 4.1 Armour
 - Level 0.8 Dodging
 + Level 0.5 Shields
 * Level 5.3 Invocations
 * Level 3.0 Evocations


You had 7 spell levels left.
You didn't know any spells.
Your spell library was empty.

Dungeon Overview and Level Annotations

Branches:
Dungeon (6/15)
 Temple: D:4-7

Altars:
Ashenzari
Gozag
Kikubaaqudgha
Makhleb
Ru
Sif Muna
Trog

Shops:
D:5 !

Annotations:
D:2 Sigmund
D:5 2 transporters
Abyss:1 Menkaure


Innate Abilities, Weirdness & Mutations

You may emit foul miasma when damaged in melee.
You are immune to rotting.


Message History

You hit the cyclops.
The cyclops is moderately wounded.
The cyclops is engulfed in dark miasma.
The cyclops looks even sicker.
You block the cyclops's attack.
Unknown command.
You hit the cyclops.
The cyclops is moderately wounded.
The cyclops is engulfed in dark miasma.
The cyclops looks even sicker.
You block the cyclops's attack.
Unknown command.
You hit the cyclops but do no damage.
The cyclops is heavily wounded.
The cyclops hits you!!
* * * LOW HITPOINT WARNING * * *
Unknown command.
You feel much better.
Your shield and plate armour prevent you from hitting the cyclops.
The cyclops is heavily wounded.
The cyclops hits you!!
You die...

...#. .... #..#.
##...# #.....
......#
##....###.....###.
......#.#..........
.....<..#..........
#.....C...........
......†@..........
......†..!.....#
....##.........#
#.............##
##.....#......#
###..##....<.#
...##.......#
....8..#...#.#
######.##..#..


You could see a cyclops.

Vanquished Creatures
  Pikel (D:4)
  A slave (D:4)
  A sky beast (D:5)
  3 ogres
  2 scorpions
  A howler monkey (D:4)
  2 hounds
  An orc priest (D:3)
  Jessica (D:3)
  An iguana (D:5)
  2 orc wizards
  6 worker ants
  7 gnolls
  4 adders
  5 worms
  2 dart slugs
  2 leopard geckos
  4 orcs
  8 giant cockroaches
  11 goblins
  8 hobgoblins
  10 jackals
  8 kobolds
  A quokka (D:2)
  3 ball pythons
  13 bats
  8 frilled lizards
  2 jackal skeletons (D:4)
  2 leopard gecko skeletons (D:4)
  11 rats
131 creatures vanquished.

Vanquished Creatures (others)
  A hungry ghost (D:5)
  A human (D:3)
  An orc wizard (D:4)
  A worm (D:5)
  2 orcs (D:5)
  A giant cockroach (D:5)
  A jackal (D:5)
8 creatures vanquished.

Grand Total: 139 creatures vanquished

Notes
Turn   | Place    | Note
-------+----------+-------------------------------------------
     0 | Abyss:1  | Inarius the Demonspawn Abyssal Knight began the quest for
                  | the Orb.
     0 | Abyss:1  | Reached XP level 1. HP: 18/18 MP: 2/2
    32 | Abyss:1  | Noticed a wretched star
    33 | D:1      | Escaped the Abyss
    81 | D:1      | Reached skill level 2 in Axes
    82 | D:1      | Reached * piety under Lugonu
    87 | D:1      | Gained mutation: You are immune to rotting. [demonic
                  | ancestry]
    87 | D:1      | Reached XP level 2. HP: 19/24 MP: 3/3
   428 | D:1      | Reached XP level 3. HP: 24/29 MP: 3/5
   727 | D:1      | Reached ** piety under Lugonu
  1318 | D:1      | Reached skill level 3 in Axes
  1318 | D:1      | Reached XP level 4. HP: 17/37 MP: 6/6
  2143 | D:2      | Noticed Sigmund
  2908 | D:3      | Noticed Jessica
  3148 | D:2      | Reached XP level 5. HP: 19/42 MP: 7/7
  3316 | D:3      | Killed Jessica
  3424 | D:3      | Reached skill level 4 in Axes
  3582 | D:3      | Found an ancient bone altar of Kikubaaqudgha.
  3586 | D:3      | Noticed a human
  3587 | D:3      | Killed a human
  3639 | D:3      | Reached *** piety under Lugonu
  3686 | D:3      | Found a sacrificial altar of Ru.
  3873 | D:3      | Found a shimmering blue altar of Sif Muna.
  4101 | D:4      | Reached skill level 1 in Evocations
  4101 | D:4      | Gained mutation: You may emit foul miasma when damaged in
                  | melee. [demonic ancestry]
  4101 | D:4      | Reached XP level 6. HP: 28/48 MP: 8/8
  4312 | D:4      | Found a bloodstained altar of Trog.
  4937 | D:3      | Reached skill level 5 in Axes
  5278 | D:4      | Reached XP level 7. HP: 25/54 MP: 9/9
  5950 | D:4      | Found a burning altar of Makhleb.
  6348 | D:5      | Entered Level 5 of the Dungeon
  6348 | D:5      | Noticed Menkaure
  6383 | D:5      | Noticed Pikel
  6413 | D:4      | Killed Pikel
  6413 | D:4      | Reached skill level 6 in Axes
  6413 | D:4      | Reached XP level 8. HP: 55/61 MP: 9/11
  6743 | D:5      | Found a shattered altar of Ashenzari.
  6743 | D:5      | Found a transporter.
  6956 | D:5      | Banished Menkaure
  7005 | D:5      | Reached skill level 5 in Invocations
  7146 | D:5      | Found an opulent altar of Gozag.
  7193 | D:5      | Found Revaw's Distillery.
  7273 | D:5      | Reached skill level 7 in Axes
  7520 | D:5      | Bought a potion of heal wounds for 60 gold pieces
  7520 | D:5      | Bought a potion of flight for 36 gold pieces
  7520 | D:5      | Bought a potion of agility for 48 gold pieces
  7520 | D:5      | Bought 2 potions of might for 96 gold pieces
  7905 | D:5      | Found a transporter.
  8179 | D:6      | Noticed a cyclops
  8198 | D:6      | Slain by a cyclops

Levels and vault maps discovered:
D:1:      zaba_arrival_water, layout_loops_ring
D:2:      layout_rooms, uniq_sigmund
D:3:      layout_basic, lemuel_doored_altar, marbit_many_paths, first_ration,
          tgw_kikubaaqudgha, uniq_jessica
D:4:      layout_basic, lightli_temple_of_fire, bloody_trog
D:5:      layout_cave_pools, nicolae_gozag_cash_rules_everything_around_me,
          gammafunk_temple_overflow_arena, serial_shops,
          nicolae_shop_competitors_out_of_business, grunt_decor_mini_mirrors,
          uniq_pikel, uniq_menkaure
D:6:      layout_cave_pools, serial_shops, shop, biasface_ghost_orc_armoury

Skill      XL: |  1  2  3  4  5  6  7  8 |
---------------+-------------------------+-----
Axes           | 2 3 4 5 6 7 |  7.2
Armour         | 2 3 4 |  4.1
Fighting       | 4 |  4.9
Invocations    | 3 4 5 |  5.3
Evocations     | 1 2 3 |  3.0
Throwing       | |  0.2
Dodging        | |  0.8
Shields        | |  0.5

Action                   |  1- 3 |  4- 6 |  7- 9 || total
-------------------------+-------+-------+-------++-------
Melee: Hand axe          |   101 |   294 |   200 ||   595
Throw: Boomerang         |     9 |    27 |    18 ||    54
Invok: Depart the Abyss  |     1 |       |       ||     1
       Banish            |       |       |     1 ||     1
Evoke: Wand              |       |     1 |     6 ||     7
  Use: Scroll            |     1 |     6 |     3 ||    10
       Potion            |       |       |     1 ||     1
  Eat: Chunk             |     1 |    13 |     4 ||    18
       Ration            |       |       |     2 ||     2
Armor: Leather armour    |    26 |       |       ||    26
       Ring mail         |     5 |    72 |       ||    77
       Plate armour      |       |    61 |   106 ||   167
Dodge: Dodged            |    74 |   179 |    45 ||   298
Block: Shield            |       |       |    33 ||    33

Table legend:
 A = Non-vault XP
 B = Vault XP
 C = Vault XP percentage of total XP
 D = Non-vault monster count
 E = Vault monster count
 F = Vault count percentage of total count
                 A         B        C        D         E       F
            +---------+---------+-------+---------+---------+-------
      Total |    1465 |     775 |  34.6 |     128 |       4 |   3.0
            +---------+---------+-------+---------+---------+-------
        D:1 |      93 |       0 |   0.0 |      41 |       0 |   0.0
        D:2 |      86 |       0 |   0.0 |      21 |       0 |   0.0
        D:3 |     144 |      39 |  21.3 |      30 |       2 |   6.2
        D:4 |     482 |     651 |  57.5 |      20 |       1 |   4.8
        D:5 |     581 |      85 |  12.8 |      14 |       1 |   6.7
        D:6 |      79 |       0 |   0.0 |       2 |       0 |   0.0
            +---------+---------+-------+---------+---------+-------
